Cogmind - Beta 10.1 @@@ ROGUE MODE // 2021.05.02 @ 08:47:46 Player: Farfid Result: Destroyed by G-73 Enforcer with Heavy Laser Performance ------------- Evolutions (9) 4500 Regions Visited (31) 6200 Robots Destroyed (448) 2240 Value Destroyed (24622) 24622 Prototype IDs (38) 760 Alien Tech Used (0) 0 Bonus (11466) 11466 TOTAL SCORE: 49788 Bonus ------- High Alert Combat Kills 2893 Follower Combat Kills 4007 Entered Garrisons 1800 Used RIF Installer 4500 Met Data Miner 300 Friendly Fire -2034 Cogmind --------- Core Integrity 0/1600 Matter 388/450 Energy 260/260 System Corruption 34% Temperature Cool (9) Movement Walking (140) Ox1 Location -1/Access Parts ------- > --- POWER (2) -------- Light Particle Reactor Light Particle Reactor > --- PROPULSION (4) --- Biometal Leg Biometal Leg Biometal Leg Biometal Leg > --- UTILITY (15) ----- Advanced Heat Sink Advanced Coolant Injector Medium Storage Unit Large Storage Unit Large Storage Unit High-capacity Storage Unit Compact Matter Pod Experimental Optical Array Long-range Terrain Scanner Advanced Terrain Scan Processor Relay Coupler [NC] (2) Relay Coupler [Swarmer] (27) Relay Coupler [Grunt] (35) Relay Coupler [Behemoth] (6) > --- WEAPON (4) ------- Heavy Machine Gun KE Penetrator KE Penetrator Advanced Remote Datajack > --- INVENTORY (28) --- Light Particle Reactor Light Particle Reactor Light Particle Reactor Light Quantum Reactor Light Quantum Reactor Centrium Wheel Centrium Wheel Improved Energy Well (600) Matter Compressor (250) Experimental Targeting Computer Advanced Particle Charger Advanced Transmission Jammer Antimissile System Relay Coupler [NC] (42) Relay Coupler [Grunt] (41) Relay Coupler [Grunt] (38) Relay Coupler [Grunt] (40) Relay Coupler [Grunt] (38) Relay Coupler [Grunt] (39) Relay Coupler [Grunt] (34) Relay Coupler [Behemoth] (20) Gamma Rifle Enhanced Nova Cannon KE Penetrator Fusion Bomb Launcher Advanced Remote Datajack Power Sword Segregator Peak State ------------ > --- POWER ------------ Particle Reactor Light Quantum Reactor > --- PROPULSION ------- Myomer Leg Biometal Leg Biometal Leg Biometal Leg > --- UTILITY ---------- Advanced Cooling System Advanced Coolant Injector Large Storage Unit Large Storage Unit Large Storage Unit Large Storage Unit Experimental Optical Array Quantum Capacitor Advanced Transmission Jammer Propulsion Shielding Advanced Powered Armor Relay Coupler [NC] Relay Coupler [Swarmer] Relay Coupler [Grunt] > --- WEAPON ----------- Enhanced Quantum Rifle Enhanced Quantum Rifle Railgun Advanced Remote Datajack > --- INVENTORY -------- Particle Reactor Light Quantum Reactor Light Quantum Reactor Centrium Wheel Improved Energy Well Matter Compressor Advanced Particle Charger Advanced Powered Armor Advanced Powered Armor Antimissile System Relay Coupler [NC] Relay Coupler [NC] Relay Coupler [Grunt] Relay Coupler [Grunt] Relay Coupler [Grunt] Relay Coupler [Grunt] Relay Coupler [Sentry] Relay Coupler [Behemoth] Enhanced Quantum Rifle Enhanced Quantum Rifle Railgun Railgun Railgun Railgun Fusion Bomb Launcher Power Sword Segregator [Rating: 158] Favorites ----------- Power Light Quantum Reactor Engine Light Angular Momentum Engine Power Core Micro Fission Core Reactor Light Quantum Reactor Propulsion Armored Wheel Treads Armored Heavy Treads Leg Myomer Leg Wheel Armored Wheel Utility Large Storage Unit Device Advanced Heat Sink Storage Large Storage Unit Processor Experimental Optical Array Hackware Relay Coupler [Grunt] Protection Advanced Powered Armor Weapon Railgun Energy Gun Gamma Rifle Energy Cannon Ion Cannon Ballistic Gun Railgun Ballistic Cannon Hypervelocity Mass Driver Launcher Grenade Launcher Special Weapon Advanced Remote Datajack Slashing Weapon Great Axe Build | -11 -10 -10 -9 -9 -9 -8 -8 -8 -7 -7 -7 -7 -6 -6 -6 -6 -5 -5 -5 -5 -5 -4 -4 -4 -4 -3 -2 -2 -1 -1 -1 ------- Run | Scr Mat Min Mat Min Exi Min Mat Gar Fac Gar Fac Gar Fac Low Low Dat Pro Fac Gar Fac Gar Fac Gar Fac Gar Res Res Gar Acc Gar Acc Slots Evolved 18 | . . . 2 . . . 2 . 2 . . . 2 . . . . 2 . . . 2 . . . 2 2 . 2 . . Power 1 | . . . . . . . . . . . . . . . . . . 1 . . . . . . . . . . . . . Propulsion 2 | . . . . . . . 1 . . . . . . . . . . . . . . 1 . . . . . . . . . Utility 13 | . . . 2 . . . . . 2 . . . 2 . . . . 1 . . . 1 . . . 1 2 . 2 . . Weapon 2 | . . . . . . . 1 . . . . . . . . . . . . . . . . . . 1 . . . . . Parts Attached 652 | 6 15 9 11 4 1 1 34 24 17 23 14 14 19 5 2 2 22 11 18 12 26 12 59 10 31 26 15 62 2 46 99 Power 67 | 1 . 1 1 . . . 5 1 . 4 1 . 3 . . . 1 1 3 . 3 2 4 2 . 3 1 5 . 10 15 Engine 15 | 1 . 1 1 . . . 4 1 . 3 . . 1 . . . 1 . 1 . . . . . . . . . . . 1 Core 9 | . . . . . . . 1 . . 1 1 . 2 . . . . . 1 . 1 1 . . . . . . . . 1 Reactor 43 | . . . . . . . . . . . . . . . . . . 1 1 . 2 1 4 2 . 3 1 5 . 10 13 Propulsion 133 | 2 2 3 . 2 . 1 6 6 3 4 4 2 3 . . . 3 3 1 1 11 1 15 2 10 5 2 13 . 11 17 Treads 12 | . . . . . . . . . . 1 . 2 . . . . . . 1 . 1 . . . . . 1 4 . . 2 Leg 39 | . . . . . . . . 4 . . . . . . . . 1 . . . 5 . 10 . 6 1 . 3 . 4 5 Wheel 82 | 2 2 3 . 2 . 1 6 2 3 3 4 . 3 . . . 2 3 . 1 5 1 5 2 4 4 1 6 . 7 10 Hover . | . . . . . . . . . . . . . . . . . . . . . . . . . . . . . . . . Flight . | . . . . . . . . . . . . . . . . . . . . . . . . . . . . . . . . Utility 178 | 1 3 1 4 . 1 . 6 5 5 4 2 4 6 3 2 . 7 1 7 5 8 3 16 3 9 6 5 19 1 14 27 Device 77 | . 1 1 3 . . . 2 2 1 1 1 1 3 1 1 . 3 1 4 2 . 2 7 3 2 4 3 10 . 3 15 Storage 29 | 1 2 . . . 1 . 1 . . 1 1 . 1 2 . . 2 . 1 1 1 . 2 . 1 . 1 4 . 2 4 Processor 4 | . . . . . . . . . 1 . . . . . 1 . . . . . . 1 . . . . . . . . 1 Hackware 52 | . . . . . . . 2 1 1 2 . 2 2 . . . 1 . 2 2 7 . 7 . 5 2 1 5 1 5 4 Protection 16 | . . . 1 . . . 1 2 2 . . 1 . . . . 1 . . . . . . . 1 . . . . 4 3 Artifact . | . . . . . . . . . . . . . . . . . . . . . . . . . . . . . . . . Weapon 274 | 2 10 4 6 2 . . 17 12 9 11 7 8 7 2 . 2 11 6 7 6 4 6 24 3 12 12 7 25 1 11 40 Energy Gun 58 | 2 2 . . . . . 4 . . . 2 . 1 1 . . 4 4 3 4 1 . 2 . 2 4 1 8 . 4 9 Energy Cannon 36 | . 3 3 4 1 . . 8 4 3 . . . . . . . . . . 1 . 1 . . . 1 . 2 1 1 3 Ballistic Gun 85 | . . . 1 . . . 3 5 2 7 2 7 3 . . 1 2 1 3 1 1 2 7 . 4 3 1 10 . 2 17 Ballistic Cannon 10 | . 1 . . . . . . . . . . . . . . . . 1 . . . . 4 . 2 2 . . . . . Launcher 31 | . 4 1 1 1 . . 2 3 2 2 1 1 1 . . . 4 . . . . 1 2 . . 1 1 1 . . 2 Special Weapon 45 | . . . . . . . . . 2 1 2 . 2 1 . . 1 . 1 . 2 2 9 2 4 1 2 4 . 3 6 Impact Weapon . | . . . . . . . . . . . . . . . . . . . . . . . . . . . . . . . . Slashing Weapon 9 | . . . . . . . . . . 1 . . . . . 1 . . . . . . . 1 . . 2 . . 1 3 Piercing Weapon . | . . . . . . . . . . . . . . . . . . . . . . . . . . . . . . . . Special Melee Weapon . | . . . . . . . . . . . . . . . . . . . . . . . . . . . . . . . . Unidentified Prototypes 19 | . . . 2 . . . 3 . 1 . 1 . 2 . . . 2 1 . 2 . . . . 1 2 1 . . . 1 Parts Lost 187 | . 5 3 1 1 . 1 8 7 . 10 2 6 . . . . 5 . 3 2 4 . 15 . 4 13 1 13 1 23 59 Power 34 | . . 1 . . . . 1 1 . 3 . . . . . . 1 . . . 2 . 1 . . 2 . 2 . 8 12 Propulsion 47 | . 2 1 . 1 . 1 2 3 . 2 1 3 . . . . 3 . 1 . 1 . 4 . 2 5 . 1 . 4 10 Utility 42 | . . . . . . . 1 2 . 1 . 1 . . . . . . 1 2 . . 2 . . 1 1 6 . 6 18 Weapon 64 | . 3 1 1 . . . 4 1 . 4 1 2 . . . . 1 . 1 . 1 . 8 . 2 5 . 4 1 5 19 Highest Loss Streak 11 | . 3 2 1 1 . 1 4 5 . 5 1 1 . . . . 4 . 2 1 2 . 7 . 2 4 1 11 1 8 8 Average Slot Usage (%) 92 | . 86 98 98 95 100 97 90 94 91 87 98 94 93 99 100 100 90 93 92 92 97 97 95 100 98 92 91 84 88 86 90 Engine 2 | . 14 12 11 11 11 11 7 8 7 4 . . . . . . 5 5 1 . . . . . . . . . . . . Core 1 | . . . . . . . 1 . . 1 7 7 5 6 6 6 . . 2 5 2 2 . . . . . . . . . Reactor 5 | . . . . . . . . . . . . . . . . . . 3 5 5 8 7 9 10 10 7 8 7 8 7 7 Treads 1 | . . . . . . . . . . 4 . 7 5 . . . . . 1 1 . . . . . . 3 4 . . 1 Leg 4 | . . . . . . . . 15 3 . . . . . . . 5 1 . . 12 . 12 . 10 . . 1 . 9 3 Wheel 10 | . 26 27 22 17 22 19 25 8 14 10 22 11 12 20 20 20 4 12 9 9 1 20 6 21 9 15 8 4 16 5 8 Device 10 | . 10 14 22 22 12 11 5 9 7 7 7 7 11 13 13 13 6 9 13 17 6 8 5 10 6 7 13 16 16 14 14 Storage 19 | . 14 14 11 11 20 22 18 18 15 16 23 23 20 25 26 26 26 23 24 23 23 21 21 21 21 19 17 17 16 16 17 Processor 4 | . . . . . . . . . 6 7 7 7 6 6 6 13 13 11 6 5 5 5 5 5 5 4 4 4 4 4 6 Hackware 10 | . . . . . . . 7 . 6 12 7 5 10 6 5 . . . 1 2 15 15 19 15 18 19 17 11 15 12 15 Protection 2 | . . . 10 11 11 11 2 7 5 . . . . . . . 5 5 3 . . . . . . . . . . 4 2 Energy Gun 4 | . 7 . . . . . 5 1 . . 6 . 2 5 6 6 10 10 8 10 6 . 1 . . 2 7 7 5 4 4 Energy Cannon 3 | . 5 27 20 21 22 22 14 15 14 . . . . . . . . . . . . . . . . . . 2 4 . . Ballistic Gun 6 | . . . . . . . 1 9 1 16 12 21 12 13 13 10 8 5 4 . 3 9 7 10 9 9 3 1 . 2 7 Special Weapon 2 | . . . . . . . . . 4 1 2 . 3 . . . . . 3 5 5 4 4 4 4 2 3 4 4 2 2 Naked Turns . | . . . . . . . . . . . . . . . . . . . . . . . . . . . . . . . . Heaviest Build 174 | 12 28 28 34 34 48 48 55 63 65 69 87 90 92 95 95 93 104 120 129 145 136 151 146 148 152 167 174 153 137 145 170 Greatest Support 120 | 26 32 32 20 20 20 20 38 35 38 40 38 40 40 36 36 36 36 38 38 38 50 48 95 52 100 56 26 120 52 109 112 Greatest Overweight (x) 46 | . 1 1 1 3 2 4 2 5 4 2 3 8 5 2 2 2 10 10 4 5 11 3 11 3 11 9 6 46 2 12 8 Average Overweight (x) 2 | . . . 1 1 1 2 1 2 1 1 1 3 2 2 2 2 9 3 2 3 2 2 1 2 1 2 5 2 2 1 2 Largest Inventory Capacity 34 | 6 10 10 10 10 16 16 16 16 16 22 24 24 24 24 24 24 24 24 30 32 32 32 32 32 32 32 32 30 28 28 34 Average Capacity 25 | 5 7 10 10 10 15 16 16 16 16 17 23 24 24 24 24 24 24 24 25 31 32 32 32 32 32 32 26 24 28 28 28 Most Carried 32 | 4 10 10 10 10 13 14 16 16 16 22 24 24 24 24 24 24 24 24 30 32 32 32 32 32 32 32 32 28 28 28 28 Average Carried 24 | 1 5 9 9 10 11 13 15 15 15 16 23 23 23 23 24 24 23 23 24 31 31 31 29 31 31 31 26 24 27 27 26 Final Capacity 32 | 6 10 10 10 10 16 16 16 16 16 22 24 24 24 24 24 24 24 24 30 32 32 32 32 32 32 32 24 28 28 28 28 Final Carried 32 | 1 9 10 10 10 13 13 16 16 16 22 24 24 24 24 24 24 24 24 30 32 32 32 31 32 32 31 24 28 27 28 28 Class Distribution -------------------- 50% | Botlord-Mutant 22% | Bothacker-Mutant 7% | Mutant 5% | Bothacker-Skirmisher 4% | Botlord-Skirmisher 3% | Scavenger-Mutant Dominant Class ---------------- Mutant | -10/Materials Mutant | -10/Mines Mutant | -9/Materials Mutant | -9/Mines Mutant | -9/Exiles Mutant | -8/Mines Gunner | -8/Materials Scavenger-Mutant | -8/Garrison Bothacker-Mutant | -7/Factory Bothacker-Mutant | -7/Garrison Bothacker-Mutant | -7/Factory Bothacker-Skirmisher | -7/Garrison Bothacker-Mutant | -6/Factory Bothacker-Skirmisher | -6/Lower Caves Bothacker-Mutant | -6/Lower Caves Bothacker-Mutant | -6/Data Miner Bothacker-Mutant | -5/Proximity Caves Bothacker-Mutant | -5/Factory Bothacker-Mutant | -5/Garrison Botlord-Mutant | -5/Factory Botlord-Mutant | -5/Garrison Botlord-Mutant | -4/Factory Botlord-Mutant | -4/Garrison Botlord-Mutant | -4/Factory Botlord-Mutant | -4/Garrison Botlord-Mutant | -3/Research Botlord-Mutant | -2/Research Botlord-Mutant | -2/Garrison Botlord-Mutant | -1/Access Botlord-Mutant | -1/Garrison Botlord-Skirmisher | -1/Access Resources | -11 -10 -10 -9 -9 -9 -8 -8 -8 -7 -7 -7 -7 -6 -6 -6 -6 -5 -5 -5 -5 -5 -4 -4 -4 -4 -3 -2 -2 -1 -1 -1 ----------- Run | Scr Mat Min Mat Min Exi Min Mat Gar Fac Gar Fac Gar Fac Low Low Dat Pro Fac Gar Fac Gar Fac Gar Fac Gar Res Res Gar Acc Gar Acc Matter Collected 15014 | 246 177 161 121 41 10 10 451 543 328 931 403 732 158 129 85 . 294 206 405 87 443 203 1719 116 662 824 249 1691 3 577 3009 Remotely 207 | . . . . . . . . . . . . . . . . . . . . . . . . . . . . . . . 207 Salvage Created 23109 | . 275 413 146 140 . 281 1533 990 232 970 722 842 184 95 227 . 418 309 831 422 1170 88 1052 . 786 1067 443 1895 . 1470 6108 Parts 1023 | . 26 26 17 8 . 13 84 52 12 36 41 49 16 1 6 . 23 13 36 18 34 7 33 . 26 51 33 78 . 48 236 Haulers Intercepted 9 | . 1 . 2 . . . 2 . . . . . . . . . 1 . . 1 . . . . . . . . . . 2 Recyclers Shooed 31 | . . . . . . 1 3 . . . . . 3 . . . . 2 . 2 . . . 1 . 4 2 . . . 13 Parts Field Recycled . | . . . . . . . . . . . . . . . . . . . . . . . . . . . . . . . . Retrieved Matter . | . . . . . . . . . . . . . . . . . . . . . . . . . . . . . . . . Parts Self-Destructed 32 | . . . . . . . . . . . . . . 1 2 . 29 . . . . . . . . . . . . . . Prevented 5 | . . . . . . . . . . . . . . . 2 . 3 . . . . . . . . . . . . . . Kills | -11 -10 -10 -9 -9 -9 -8 -8 -8 -7 -7 -7 -7 -6 -6 -6 -6 -5 -5 -5 -5 -5 -4 -4 -4 -4 -3 -2 -2 -1 -1 -1 ------- Run | Scr Mat Min Mat Min Exi Min Mat Gar Fac Gar Fac Gar Fac Low Low Dat Pro Fac Gar Fac Gar Fac Gar Fac Gar Res Res Gar Acc Gar Acc Combat Hostiles Destroyed 335 | . 6 10 8 6 . 3 28 27 5 23 15 22 3 2 1 . 16 . 14 4 16 4 13 . 8 11 6 17 . 14 53 Guns 172 | . 2 . . . . . 6 10 . 19 11 13 . 1 . . 1 . 14 3 11 . 8 . 6 8 1 10 . 7 41 Cannons 49 | . . 7 2 3 . 3 12 6 1 . . . . . . . . . . . . . 3 . 2 3 . . . 6 1 AOE 96 | . 4 3 6 3 . . 9 11 4 4 3 9 3 . . . 14 . . . 3 4 2 . . . 3 3 . . 8 Classes Destroyed 19 | . 8 3 . 2 . . . 1 1 1 . 1 . . 1 . . . . . . . . . . . . 1 . . . Worker 30 | . . . . 1 . . 7 . . . . . 2 . . . . 1 . 1 . . . . . 2 1 . . . 15 Builder 10 | . 2 . . . . 1 1 . . . 1 . . . . . . . . . . . . . . 1 . . . . 4 Tunneler 5 | . . 2 . . . . 1 . 1 . 1 . . . . . . . . . . . . . . . . . . . . Hauler 9 | . 1 . 2 . . . 2 . . . . . . . . . 1 . . 1 . . . . . . . . . . 2 Recycler 25 | . 1 1 . . . 1 3 . . . 1 . 1 . . . . 2 . . . . . . . 1 . . . . 14 Mechanic 2 | . 1 . . . . . . . . . . . . . . . . 1 . . . . . . . . . . . . . Operator 3 | . 1 . . . . . 1 . . . . . . . . . . . . . . . . . . . . . . . 1 Watcher 18 | . 3 . . . . . 3 . 1 . . . 1 . . . . 1 . 1 . 1 . . . . 3 1 . . 3 Swarmer 105 | . 3 6 8 4 . . 5 14 . 11 2 3 3 . . . 15 . 3 . 5 4 1 . 1 2 5 3 . 4 3 Grunt 128 | . 3 2 . 1 . 2 16 8 4 10 9 12 . 1 . . 1 . 8 4 8 . 5 . 4 3 . 7 . 9 11 Brawler 7 | . . . . 1 . 1 . . . . . 2 . 1 . . . . . . . . . . . . . . . 2 . Duelist 5 | . . . . . . . . . . 1 . 1 . . . . . . . . . . 1 . . . . . . 1 1 Sentry 29 | . . 2 . . . . 7 4 . 1 3 2 . . 1 . 1 . 1 . 1 . . . . 1 2 1 . 2 . Specialist 3 | . . . . . . . . . . . . 2 . . . . . . 1 . . . . . . . . . . . . Hunter 32 | . . . . . . . . 1 . . . . . . . . . . . . 2 . 6 . 3 . . 3 . . 17 Programmer 34 | . . . . . . . . . 1 . 1 . . . . . . . 1 . . . . . . 7 . 3 . . 21 Behemoth 1 | . . . . . . . . . . . . . . . . . . . . . . . . . . . . 1 . . . Zionite 1 | . . 1 . . . . . . . . . . . . . . . . . . . . . . . . . . . . . Samaritan 1 | . . . . . . . . . . . . . . . 1 . . . . . . . . . . . . . . . . Best Kill Streak 22 | . 6 4 8 4 . 2 10 8 4 4 4 9 4 2 1 . 8 2 5 3 4 4 2 . 1 3 6 7 . 4 22 Combat Bots Only 9 | . 3 3 7 4 . 2 6 8 4 4 4 9 3 2 1 . 8 . 5 2 4 4 2 . 1 3 4 7 . 4 7 Max Kills in Single Turn 4 | . 3 3 4 2 . 1 3 3 3 2 2 2 2 1 1 . 4 1 1 1 3 3 1 . 1 2 3 2 . 2 3 Gunslinging . | . . . . . . . . . . . . . . . . . . . . . . . . . . . . . . . . Exploded 4 | . 2 3 4 2 . . 2 3 3 2 1 2 2 . . . 4 . . . 3 3 1 . . . 2 2 . . 2 Melee . | . . . . . . . . . . . . . . . . . . . . . . . . . . . . . . . . Uniques/NPCs Destroyed . | . . . . . . . . . . . . . . . . . . . . . . . . . . . . . . . . Combat | -11 -10 -10 -9 -9 -9 -8 -8 -8 -7 -7 -7 -7 -6 -6 -6 -6 -5 -5 -5 -5 -5 -4 -4 -4 -4 -3 -2 -2 -1 -1 -1 -------- Run | Scr Mat Min Mat Min Exi Min Mat Gar Fac Gar Fac Gar Fac Low Low Dat Pro Fac Gar Fac Gar Fac Gar Fac Gar Res Res Gar Acc Gar Acc Damage Taken 31450 | . 428 337 199 147 . 110 1438 789 141 1560 919 628 85 40 160 . 874 . 934 231 941 96 3055 . 1126 1771 349 2191 26 3079 9796 Core 4302 | . 57 47 60 12 . . 409 121 . 264 219 117 . . 47 . 169 . 98 16 157 23 420 . 120 188 48 105 . 541 1064 Absorbed by Shields 3561 | . . . . . . . . . . . . 340 . . . . . . 625 96 10 . 1307 . 151 . 172 815 . 45 . Core Remaining (%) 62 | 100 . 58 . . . 82 . 3 . . . 14 . . . . 74 . . . 72 . . . 51 85 . 89 . . . Volleys Fired 1766 | 1 38 22 13 13 . 16 111 83 25 99 41 50 28 16 14 . 32 11 75 22 97 13 165 6 78 78 26 171 . 144 278 Largest 4 | 2 2 2 2 2 . 2 3 3 2 3 3 3 2 1 1 . 2 2 2 2 2 2 3 2 2 3 2 3 . 1 4 Hottest 270 | 90 120 120 128 128 . 128 204 188 120 88 179 140 60 60 60 . 120 140 162 162 146 98 132 70 75 150 150 270 . 120 239 Shots Fired 3030 | 2 58 43 22 24 . 32 259 146 35 179 92 121 44 16 14 . 39 21 130 43 136 16 239 9 98 148 46 249 . 144 625 Gun 2112 | 2 39 . . . . . 89 61 . 160 87 111 34 11 14 . 25 21 122 42 94 6 140 7 52 119 40 169 . 87 580 Cannon 508 | . 10 42 18 22 . 32 162 72 21 4 . . . . . . . . . . . 1 26 . 13 14 . 17 . 46 8 Launcher 89 | . 9 1 4 2 . . 8 13 3 4 3 10 3 . . . 9 . . . . 2 4 . . . 3 2 . . 9 Special 321 | . . . . . . . . . 11 11 2 . 7 5 . . 5 . 8 1 42 7 69 2 33 15 3 61 . 11 28 Kinetic 1229 | . 6 . . . . . 22 48 . 160 52 104 34 . . . 1 1 37 . 18 6 151 7 56 98 . 69 . 10 349 Thermal 966 | 2 43 42 18 22 . 32 182 72 21 4 35 7 . . . . . 1 44 18 58 1 42 . 25 . . 36 . 107 154 Explosive 89 | . 9 1 4 2 . . 8 13 3 4 3 10 3 . . . 9 . . . . 2 4 . . . 3 2 . . 9 Electromagnetic 521 | . . . . . . . 47 13 . . . . . 11 14 . 24 19 41 24 43 . . . 9 35 40 100 . 16 85 Robot Hit Streak 33 | . 7 16 3 7 . 5 10 24 9 11 11 11 8 4 8 . 8 8 23 11 16 21 33 9 19 14 8 19 . 14 13 Robot Miss Streak 9 | . 2 3 9 4 . 4 6 4 2 3 6 7 3 2 1 . 3 2 3 2 4 1 7 1 6 5 7 3 . 4 7 Penetration Max 2 | . . . . . . . . . . 1 . . . . . . . . . . . . 1 . . 1 . 1 . . 2 Secondary Targets 24 | . . . . . . . . 1 . 5 . 1 . . . . . . 1 1 1 . . . . 1 1 3 . . 9 Max Gunslinging Chain 1 | . . . . . . . . 1 . 1 . 1 . . . . . . 1 1 1 . . . . 1 1 1 . . 1 Capacitor 178 | . . . . . . . . . . . . . . . . . . . . . . . . . . . . 50 . 123 5 Shots Hit Robots 1903 | . 33 30 6 15 . 20 161 93 25 93 66 83 28 12 11 . 25 11 78 27 89 11 158 4 58 94 27 179 . 96 370 Core Hits 890 | . 27 18 13 8 . 6 74 47 13 45 39 70 12 3 4 . 24 7 25 11 35 8 51 3 21 30 13 55 . 43 185 Critical Hits 88 | . 1 1 1 2 . 1 12 . . 3 . 1 . 1 1 . . . 2 . 5 . 14 . 11 7 . 3 . . 22 Critical Kills 27 | . . 1 . . . 1 3 . . . . . . . . . . . . . 3 . 4 . 5 4 . 1 . . 5 Critical Parts Destroyed 61 | . 1 . 1 2 . . 9 . . 3 . 1 . 1 1 . . . 2 . 2 . 10 . 6 3 . 2 . . 17 Melee Attacks 28 | . . . . . . . . . . 10 . . . . . 7 . . . . . . . 1 . . 1 . . 3 6 Thermal 9 | . . . . . . . . . . . . . . . . . . . . . . . . . . . . . . 3 6 Impact . | . . . . . . . . . . . . . . . . . . . . . . . . . . . . . . . . Slashing 19 | . . . . . . . . . . 10 . . . . . 7 . . . . . . . 1 . . 1 . . . . Piercing . | . . . . . . . . . . . . . . . . . . . . . . . . . . . . . . . . Sneak Attacks . | . . . . . . . . . . . . . . . . . . . . . . . . . . . . . . . . Combat Hostiles . | . . . . . . . . . . . . . . . . . . . . . . . . . . . . . . . . Follow-up Attacks . | . . . . . . . . . . . . . . . . . . . . . . . . . . . . . . . . Damage Inflicted 54214 | . 944 643 654 444 . 360 4868 2422 844 3126 1411 2280 855 212 247 . 1758 235 1842 660 1923 437 2791 105 944 2283 1380 4426 . 3256 12864 Guns 32328 | . 289 . . . . . 1066 434 . 1722 1104 1384 485 212 247 . 373 235 1713 617 1268 130 1769 105 619 2004 642 2892 . 1905 11113 Cannons 7449 | . 100 539 132 243 . 360 1605 1097 355 68 . . . . . . . . . . . . 244 . 55 184 . 869 . 1351 247 Explosions 12547 | . 555 104 522 201 . . 2191 891 489 464 307 896 370 . . . 1385 . 129 43 396 307 485 . . 95 738 475 . . 1504 Melee 872 | . . . . . . . . . . 872 . . . . . . . . . . . . . . . . . . . . . Ramming 6 | . . . . . . . 6 . . . . . . . . . . . . . . . . . . . . . . . . Kinetic 17237 | . 66 . . . . . 87 306 . 1722 553 1234 485 . . . . . 684 . 230 130 1797 105 501 1497 . 1153 . 113 6574 Thermal 16018 | . 323 539 132 243 . 360 2233 1097 355 68 551 150 . . . . 48 . 577 210 1109 . 509 . 270 95 . 1059 . 2840 3250 Explosive 11279 | . 555 104 522 201 . . 1733 891 489 464 307 896 370 . . . 1337 . . . . 307 485 . . . 738 475 . . 1405 Electromagnetic 8802 | . . . . . . . 809 128 . . . . . 212 247 . 373 235 581 450 584 . . . 173 691 642 1739 . 303 1635 Impact . | . . . . . . . . . . . . . . . . . . . . . . . . . . . . . . . . Slashing 872 | . . . . . . . . . . 872 . . . . . . . . . . . . . . . . . . . . . Piercing . | . . . . . . . . . . . . . . . . . . . . . . . . . . . . . . . . Highest Corruption 34 | . . . . . . . 3 3 2 2 3 3 . . . . . . 1 1 1 2 2 2 2 3 . 5 . . 34 Average Corruption 4 | . . . . . . . 3 3 1 2 2 3 . . . . . . 1 1 1 2 2 2 2 2 . 4 . . 17 Corruption Purged . | . . . . . . . . . . . . . . . . . . . . . . . . . . . . . . . . Effects 450 | . . . . . . . 6 18 . 15 14 22 . . . . . . 2 7 4 1 29 4 16 16 . 74 . . 222 Message Errors 95 | . . . . . . . 1 7 . 3 2 7 . . . . . . 2 3 2 1 12 2 5 3 . 16 . . 29 Matter Fused 46 | . . . . . . . 1 2 . . 2 2 . . . . . . . . . . . . . 2 . 14 . . 23 Heat Flow Errors 36 | . . . . . . . 2 1 . 3 . 3 . . . . . . . . . . 5 . 1 3 . 6 . . 12 Energy Discharges 44 | . . . . . . . . 3 . 3 3 1 . . . . . . . 1 1 . 3 1 5 1 . 7 . . 15 Parts Rejected 4 | . . . . . . . . . . . . . . . . . . . . . . . . . . . . . . . 4 Data Loss (minor) 55 | . . . . . . . . 1 . 4 2 5 . . . . . . . 2 . . 4 1 2 4 . 13 . . 17 Data Loss (major) 11 | . . . . . . . . . . . . . . . . . . . . . . . . . . . . 6 . . 5 Misfires 5 | . . . . . . . . . . . . . . . . . . . . . . . . . . . . 2 . . 3 Alerts 1 | . . . . . . . . . . . . . . . . . . . . . . . . . . . . . . . 1 Misdirections 20 | . . . . . . . . . . . . . . . . . . . . . . . . . . . . . . . 20 Targeting Errors 107 | . . . . . . . 2 3 . 2 4 4 . . . . . . . 1 1 . 3 . 3 2 . 9 . . 73 Weapon Failures 26 | . . . . . . . . 1 . . 1 . . . . . . . . . . . 2 . . 1 . 1 . . 20 Overload Shots . | . . . . . . . . . . . . . . . . . . . . . . . . . . . . . . . . Overflow Damage 971 | . 1 . . 13 . 17 353 57 17 191 . . 75 . . . 53 . 10 . 15 . . . . . 110 . . 43 16 Projectiles 139 | . . . . . . 17 30 40 9 . . . . . . . . . . . . . . . . . . . . 43 . Explosions 668 | . 1 . . 13 . . 323 17 8 27 . . 75 . . . 53 . 10 . 15 . . . . . 110 . . . 16 Melee 164 | . . . . . . . . . . 164 . . . . . . . . . . . . . . . . . . . . . Knockbacks 9 | . . . . . . . . . . . . . . . . . . . . . . . 6 . 1 2 . . . . . Impact . | . . . . . . . . . . . . . . . . . . . . . . . . . . . . . . . . Kinetic 7 | . . . . . . . . . . . . . . . . . . . . . . . 4 . 1 2 . . . . . Secondary 2 | . . . . . . . . . . . . . . . . . . . . . . . 2 . . . . . . . . Self-Inflicted Damage 502 | . 11 . 40 . . . 55 37 . . . . . . . . . . 46 18 . . . . . 51 89 . . . 155 Shots 13 | . 1 . 1 . . . 1 2 . . . . . . . . . . 2 1 . . . . . 2 1 . . . 2 Rammed 1 | . . . . . . . 1 . . . . . . . . . . . . . . . . . . . . . . . . Targets Rammed 1 | . . . . . . . 1 . . . . . . . . . . . . . . . . . . . . . . . . Kicked . | . . . . . . . . . . . . . . . . . . . . . . . . . . . . . . . . Crushed . | . . . . . . . . . . . . . . . . . . . . . . . . . . . . . . . . Highest Temperature 436 | 30 202 165 162 198 . 198 436 240 . 147 114 176 . . . . 5 24 216 196 62 . 180 . 111 252 24 198 . 199 195 Average Temperature 74 | 20 74 53 75 109 . 117 117 53 . 65 33 38 . . . . 2 8 75 59 20 . 40 . 51 42 7 45 . 94 69 Received Heat Transfer 3888 | . 159 99 6 30 . 63 585 180 18 336 372 214 . 18 48 . 63 . 304 102 247 9 183 . 77 84 22 109 . 188 372 Effects 5 | . 1 . . . . . 2 1 . . . . . . . . . . 1 . . . . . . . . . . . . Energy Bleed 4 | . . . . . . . 2 1 . . . . . . . . . . 1 . . . . . . . . . . . . Interference 1 | . 1 . . . . . . . . . . . . . . . . . . . . . . . . . . . . . . Siege Activations . | . . . . . . . . . . . . . . . . . . . . . . . . . . . . . . . . Robots Corrupted 22 | . . . . . . . . . . . . . . 1 1 . 1 . . 2 2 . . . . . 2 9 . 1 3 Combat Hostiles 16 | . . . . . . . . . . . . . . 1 1 . 1 . . 1 2 . . . . . 2 4 . 1 3 Parts Fried 53 | . . . . . . . 4 . . . . . . . . . 4 . 1 5 4 . 1 . 1 4 2 16 . 1 10 Impact Corruptions . | . . . . . . . . . . . . . . . . . . . . . . . . . . . . . . . . Robots Melted 3 | . . . . . . . 1 1 . . 1 . . . . . . . . . . . . . . . . . . . . Combat Hostiles 2 | . . . . . . . 1 . . . 1 . . . . . . . . . . . . . . . . . . . . Parts Melted 27 | . . 2 . 2 . 1 5 . 2 . 3 . . . . . . . . 1 . . 3 . 2 . . . . 4 2 Heat Transferred 23999 | . 796 1147 259 481 . 703 3580 1813 518 111 1146 325 . . . . . . 766 309 1916 . 1292 . 925 100 . 1184 . 2902 3726 Parts Sabotaged . | . . . . . . . . . . . . . . . . . . . . . . . . . . . . . . . . Parts Stolen . | . . . . . . . . . . . . . . . . . . . . . . . . . . . . . . . . Parts Stripped . | . . . . . . . . . . . . . . . . . . . . . . . . . . . . . . . . Power Chain Reactions 8 | . . . . . . . 1 . . . . . . . . . 1 . 2 1 1 . . . . 1 . . . . 1 Missiles Intercepted . | . . . . . . . . . . . . . . . . . . . . . . . . . . . . . . . . Alert | -11 -10 -10 -9 -9 -9 -8 -8 -8 -7 -7 -7 -7 -6 -6 -6 -6 -5 -5 -5 -5 -5 -4 -4 -4 -4 -3 -2 -2 -1 -1 -1 ------- Run | Scr Mat Min Mat Min Exi Min Mat Gar Fac Gar Fac Gar Fac Low Low Dat Pro Fac Gar Fac Gar Fac Gar Fac Gar Res Res Gar Acc Gar Acc Peak Influence 1172 | . 211 284 289 254 . 70 533 1172 620 843 828 1117 729 . . . . 85 600 425 584 453 267 176 466 300 250 739 443 941 883 Initial 615 | . . 43 34 112 . . 27 170 615 149 442 504 585 . . . . 70 34 315 157 306 88 130 123 261 54 187 443 330 555 Average 430 | . 123 129 124 206 . 53 195 771 471 586 607 904 491 . . . . 47 353 342 408 278 188 59 309 192 105 563 423 670 533 Maximum Alert Level 4 | . 1 1 1 1 . . 2 4 2 3 3 4 3 . . . . . 2 2 2 2 1 . 2 1 1 3 2 3 3 Low Security (%) 22 | 100 59 86 70 49 . 100 58 2 7 1 . . . . . . . 100 32 . 4 20 56 100 19 40 87 4 . . . Level 1 24 | . 40 13 29 50 . . 21 12 22 22 . . 34 . . . . . 16 69 40 68 43 . 46 59 12 23 . 3 11 Level 2 33 | . . . . . . . 19 17 70 32 68 16 50 . . . . . 50 30 55 11 . . 34 . . 32 100 49 67 Level 3 19 | . . . . . . . . 61 . 43 31 73 14 . . . . . . . . . . . . . . 40 . 46 21 Level 4 . | . . . . . . . . 6 . . . 10 . . . . . . . . . . . . . . . . . . . Level 5 . | . . . . . . . . . . . . . . . . . . . . . . . . . . . . . . . . High Security . | . . . . . . . . . . . . . . . . . . . . . . . . . . . . . . . . Max Security . | . . . . . . . . . . . . . . . . . . . . . . . . . . . . . . . . Squads Dispatched 53 | . 1 . 2 . . . 3 . 2 . 5 . 2 . . . . . . 1 . 4 . 3 . 6 2 . . . 22 Investigation 6 | . . . 1 . . . 1 . . . . . . . . . . . . . . 1 . . . 1 1 . . . 1 Extermination 16 | . . . . . . . . . 1 . 1 . . . . . . . . . . 1 . 2 . 3 1 . . . 7 Reinforcement 14 | . 1 . 1 . . . 2 . . . 1 . 2 . . . . . . 1 . 1 . . . 2 . . . . 3 Assault 8 | . . . . . . . . . 1 . 2 . . . . . . . . . . . . . . . . . . . 5 Garrison 9 | . . . . . . . . . . . 1 . . . . . . . . . . 1 . 1 . . . . . . 6 Intercept . | . . . . . . . . . . . . . . . . . . . . . . . . . . . . . . . . Construction Impeded 4 | . . . . . . . 1 . . . . . . . . . . . . . . . . . . 2 . . . . 1 Haulers Reinforced 4 | . . . . . . . . . . . . . . . . . . . . 1 . 1 . . . . . . . . 2 Alert ID Control Effect 51 | . . . . . . . . . . . . . . . . . . . 3 . 6 1 8 6 6 3 2 2 . 7 7 Stealth | -11 -10 -10 -9 -9 -9 -8 -8 -8 -7 -7 -7 -7 -6 -6 -6 -6 -5 -5 -5 -5 -5 -4 -4 -4 -4 -3 -2 -2 -1 -1 -1 --------- Run | Scr Mat Min Mat Min Exi Min Mat Gar Fac Gar Fac Gar Fac Low Low Dat Pro Fac Gar Fac Gar Fac Gar Fac Gar Res Res Gar Acc Gar Acc Distress Signals 15 | . 3 . . . . . 4 . . . 1 . . . . . . . . . 1 . . . . 1 . . . . 5 Communications Jammed 40 | . . . . . . . . . . . . . . . . . . . . . . 3 . . . . . . . . 37 Distress Signals 19 | . . . . . . . . . . . . . . . . . . . . . . 3 . . . . . . . . 16 Times Spotted 674 | . 20 11 9 6 . 3 62 25 12 30 20 39 9 5 2 . 25 1 29 5 41 13 47 7 24 23 10 31 1 47 117 Peak Tracking Total 11 | . 6 3 7 4 . 3 11 7 5 4 6 5 3 4 1 . 7 1 6 2 9 8 6 3 4 5 6 8 1 11 8 Tactical Retreats 69 | . 3 1 . . . . 13 3 . . 3 6 . 1 1 . . . 8 1 6 1 7 . 1 . . 1 . 4 9 Traps | -11 -10 -10 -9 -9 -9 -8 -8 -8 -7 -7 -7 -7 -6 -6 -6 -6 -5 -5 -5 -5 -5 -4 -4 -4 -4 -3 -2 -2 -1 -1 -1 ------- Run | Scr Mat Min Mat Min Exi Min Mat Gar Fac Gar Fac Gar Fac Low Low Dat Pro Fac Gar Fac Gar Fac Gar Fac Gar Res Res Gar Acc Gar Acc Traps Triggered 50 | . 1 . 1 . . . . 2 2 6 3 1 . . . . . . 1 . 1 1 16 . 3 1 2 6 . 3 . Indirectly . | . . . . . . . . . . . . . . . . . . . . . . . . . . . . . . . . Trap Hack Attempts . | . . . . . . . . . . . . . . . . . . . . . . . . . . . . . . . . Triggered . | . . . . . . . . . . . . . . . . . . . . . . . . . . . . . . . . Disarmed . | . . . . . . . . . . . . . . . . . . . . . . . . . . . . . . . . Reprogrammed . | . . . . . . . . . . . . . . . . . . . . . . . . . . . . . . . . Reused . | . . . . . . . . . . . . . . . . . . . . . . . . . . . . . . . . Traps Extracted . | . . . . . . . . . . . . . . . . . . . . . . . . . . . . . . . . Installed . | . . . . . . . . . . . . . . . . . . . . . . . . . . . . . . . . Triggered 1 | . . . . . . . . . . . . . . . . . . . . . 1 . . . . . . . . . . Exploded 2 | . . . . . . . . 1 . . . 1 . . . . . . . . . . . . . . . . . . . Machines | -11 -10 -10 -9 -9 -9 -8 -8 -8 -7 -7 -7 -7 -6 -6 -6 -6 -5 -5 -5 -5 -5 -4 -4 -4 -4 -3 -2 -2 -1 -1 -1 ---------- Run | Scr Mat Min Mat Min Exi Min Mat Gar Fac Gar Fac Gar Fac Low Low Dat Pro Fac Gar Fac Gar Fac Gar Fac Gar Res Res Gar Acc Gar Acc Machines Disabled 58 | . 4 . 2 . . . 3 4 . 4 2 3 . . . . . 1 5 . 4 . 3 . 5 5 . 5 . 4 4 Max in Single Turn 2 | . 2 . 1 . . . 1 1 . 1 1 1 . . . . . 1 1 . 1 . 1 . 1 1 . 1 . 1 2 Garrison Relay 35 | . . . . . . . . 4 . 4 . 3 . . . . . . 4 . 4 . 4 . 4 . . 4 . 4 . Machines Sabotaged . | . . . . . . . . . . . . . . . . . . . . . . . . . . . . . . . . Garrisons Compromised . | . . . . . . . . . . . . . . . . . . . . . . . . . . . . . . . . Overloaded Fab Kills . | . . . . . . . . . . . . . . . . . . . . . . . . . . . . . . . . Fab Network Shutdowns . | . . . . . . . . . . . . . . . . . . . . . . . . . . . . . . . . Hacking | -11 -10 -10 -9 -9 -9 -8 -8 -8 -7 -7 -7 -7 -6 -6 -6 -6 -5 -5 -5 -5 -5 -4 -4 -4 -4 -3 -2 -2 -1 -1 -1 --------- Run | Scr Mat Min Mat Min Exi Min Mat Gar Fac Gar Fac Gar Fac Low Low Dat Pro Fac Gar Fac Gar Fac Gar Fac Gar Res Res Gar Acc Gar Acc Machines Accessed 44 | . 3 . 2 1 1 . 7 . 8 . 2 . 3 . 1 2 . 3 . 1 . 3 . 2 . 1 3 . 1 . . Terminals 25 | . 3 . 2 1 . . 5 . 5 . . . 2 . . . . 2 . . . 2 . 1 . . 2 . . . . Fabricators 1 | . . . . . . . . . . . . . 1 . . . . . . . . . . . . . . . . . . Repair Stations 1 | . . . . . . . . . . . . . . . . . . . . . . . . . . 1 . . . . . Recycling Units . | . . . . . . . . . . . . . . . . . . . . . . . . . . . . . . . . Scanalyzers 4 | . . . . . . . 1 . 2 . 1 . . . . . . . . . . . . . . . . . . . . Garrison Access 9 | . . . . . . . 1 . 1 . 1 . . . . . . 1 . 1 . 1 . 1 . . 1 . 1 . . Total Hacks 107 | . 6 . 6 4 1 . 14 . 17 . 4 . 5 . 1 13 . 10 . 2 . 5 . 4 . 2 11 . 2 . . Successful 64 | . 3 . 4 3 1 . 8 . 8 . 1 . 3 . 1 13 . 6 . 1 . 3 . 2 . . 5 . 2 . . Failed 42 | . 3 . 2 . . . 6 . 9 . 3 . 2 . . . . 4 . 1 . 2 . 2 . 2 6 . . . . Catastrophic 11 | . 1 . . . . . 2 . 3 . . . 1 . . . . . . 1 . 1 . 1 . 1 . . . . . Database Lockouts 1 | . . . . 1 . . . . . . . . . . . . . . . . . . . . . . . . . . . Manual 17 | . . . 1 2 . . 1 . 5 . 2 . . . . . . 3 . 1 . . . 1 . . 1 . . . . Terminals 60 | . 6 . 6 4 . . 12 . 11 . . . 2 . . . . 5 . . . 4 . 2 . . 8 . . . . Fabricators 3 | . . . . . . . . . . . . . 3 . . . . . . . . . . . . . . . . . . Repair Stations 2 | . . . . . . . . . . . . . . . . . . . . . . . . . . 2 . . . . . Recycling Units . | . . . . . . . . . . . . . . . . . . . . . . . . . . . . . . . . Scanalyzers 5 | . . . . . . . 1 . 3 . 1 . . . . . . . . . . . . . . . . . . . . Garrison Access 22 | . . . . . . . 1 . 3 . 3 . . . . . . 5 . 2 . 1 . 2 . . 3 . 2 . . Terminal Hacks 44 | . 3 . 4 3 1 . 7 . 4 . . . 1 . 1 13 . 2 . . . 2 . 1 . . 2 . . . . Record 1 | . . . . . 1 . . . . . . . . . . . . . . . . . . . . . . . . . . Part Schematic 9 | . . . . 1 . . . . . . . . . . . 8 . . . . . . . . . . . . . . . Robot Schematic 2 | . . . . . . . . . . . . . . . . 2 . . . . . . . . . . . . . . . Prototype ID Bank 3 | . . . . . . . . . . . . . . . . 3 . . . . . . . . . . . . . . . Open Door 2 | . . . . . . . . . . . . . . . 1 . . . . . . 1 . . . . . . . . . Branch Access Points 1 | . . . . . . . . . . . . . 1 . . . . . . . . . . . . . . . . . . Emergency Access Points 2 | . 1 . 1 . . . . . . . . . . . . . . . . . . . . . . . . . . . . Terminal Index 2 | . 1 . . . . . . . . . . . . . . . . . . . . . . . . . 1 . . . . Unreport Threat 8 | . . . . . . . 3 . 2 . . . . . . . . 1 . . . 1 . 1 . . . . . . . Locate Traps 2 | . . . 1 . . . . . . . . . . . . . . 1 . . . . . . . . . . . . . Dispatch Records 2 | . 1 . 1 . . . . . . . . . . . . . . . . . . . . . . . . . . . . Investigation Status 1 | . . . . 1 . . . . . . . . . . . . . . . . . . . . . . . . . . . Hauler Manifests 4 | . . . 1 . . . 1 . 2 . . . . . . . . . . . . . . . . . . . . . . Zone Layout 5 | . . . . 1 . . 3 . . . . . . . . . . . . . . . . . . . 1 . . . . Fabricator Hacks 2 | . . . . . . . . . . . . . 2 . . . . . . . . . . . . . . . . . . Load Schematic 1 | . . . . . . . . . . . . . 1 . . . . . . . . . . . . . . . . . . Build 1 | . . . . . . . . . . . . . 1 . . . . . . . . . . . . . . . . . . Repair Station Hacks . | . . . . . . . . . . . . . . . . . . . . . . . . . . . . . . . . Recycling Unit Hacks . | . . . . . . . . . . . . . . . . . . . . . . . . . . . . . . . . Scanalyzer 2 | . . . . . . . . . 2 . . . . . . . . . . . . . . . . . . . . . . Insert Component 1 | . . . . . . . . . 1 . . . . . . . . . . . . . . . . . . . . . . Analyze 1 | . . . . . . . . . 1 . . . . . . . . . . . . . . . . . . . . . . Garrison Access Hacks 13 | . . . . . . . 1 . 2 . 1 . . . . . . 2 . 1 . 1 . 1 . . 2 . 2 . . Unlock Access 9 | . . . . . . . 1 . 1 . 1 . . . . . . 1 . 1 . 1 . 1 . . 1 . 1 . . Coupler Status 4 | . . . . . . . . . 1 . . . . . . . . 1 . . . . . . . . 1 . 1 . . Unauthorized Hacks 3 | . . . . . . . . . . . . . . . . . . 2 . . . . . . . . 1 . . . . Terminals . | . . . . . . . . . . . . . . . . . . . . . . . . . . . . . . . . Fabricators . | . . . . . . . . . . . . . . . . . . . . . . . . . . . . . . . . Repair Stations . | . . . . . . . . . . . . . . . . . . . . . . . . . . . . . . . . Recycling Units . | . . . . . . . . . . . . . . . . . . . . . . . . . . . . . . . . Scanalyzers . | . . . . . . . . . . . . . . . . . . . . . . . . . . . . . . . . Garrison Access 3 | . . . . . . . . . . . . . . . . . . 2 . . . . . . . . 1 . . . . Broadcast 2 | . . . . . . . . . . . . . . . . . . 1 . . . . . . . . 1 . . . . Reprogram 1 | . . . . . . . . . . . . . . . . . . 1 . . . . . . . . . . . . . Data Cores Recovered 1 | . . . . . . . 1 . . . . . . . . . . . . . . . . . . . . . . . . Used . | . . . . . . . . . . . . . . . . . . . . . . . . . . . . . . . . Hacking Detections 33 | . 3 . 2 . . . 5 . 7 . 2 . 2 . . . . 2 . 1 . 2 . 2 . 1 3 . 1 . . Full Trace Events 2 | . . . . . . . . . . . . . . . . . . . . . . 1 . . . 1 . . . . . Feedback Events . | . . . . . . . . . . . . . . . . . . . . . . . . . . . . . . . . Feedback Blocked . | . . . . . . . . . . . . . . . . . . . . . . . . . . . . . . . . Robot Schematics Acquired 2 | . . . . . . . . . . . . . . . . 2 . . . . . . . . . . . . . . . Robots Built . | . . . . . . . . . . . . . . . . . . . . . . . . . . . . . . . . Matter . | . . . . . . . . . . . . . . . . . . . . . . . . . . . . . . . . Time . | . . . . . . . . . . . . . . . . . . . . . . . . . . . . . . . . Total Robot Build Rating . | . . . . . . . . . . . . . . . . . . . . . . . . . . . . . . . . Part Schematics Acquired 10 | . . . . 1 . . . . 1 . . . . . . 8 . . . . . . . . . . . . . . . Parts Built 1 | . . . . . . . . . . . . . 1 . . . . . . . . . . . . . . . . . . Matter 102 | . . . . . . . . . . . . . 102 . . . . . . . . . . . . . . . . . . Time 51 | . . . . . . . . . . . . . 51 . . . . . . . . . . . . . . . . . . Total Part Build Rating 1 | . . . . . . . . . . . . . 1 . . . . . . . . . . . . . . . . . . Parts Repaired . | . . . . . . . . . . . . . . . . . . . . . . . . . . . . . . . . Time . | . . . . . . . . . . . . . . . . . . . . . . . . . . . . . . . . Parts Recycled . | . . . . . . . . . . . . . . . . . . . . . . . . . . . . . . . . Recycled Matter . | . . . . . . . . . . . . . . . . . . . . . . . . . . . . . . . . Retrieved Matter . | . . . . . . . . . . . . . . . . . . . . . . . . . . . . . . . . Retrieved Components . | . . . . . . . . . . . . . . . . . . . . . . . . . . . . . . . . Parts Scanalyzed 1 | . . . . . . . . . 1 . . . . . . . . . . . . . . . . . . . . . . Part Schematics Acquired 1 | . . . . . . . . . 1 . . . . . . . . . . . . . . . . . . . . . . Parts Damaged . | . . . . . . . . . . . . . . . . . . . . . . . . . . . . . . . . Bothacking | -11 -10 -10 -9 -9 -9 -8 -8 -8 -7 -7 -7 -7 -6 -6 -6 -6 -5 -5 -5 -5 -5 -4 -4 -4 -4 -3 -2 -2 -1 -1 -1 ------------ Run | Scr Mat Min Mat Min Exi Min Mat Gar Fac Gar Fac Gar Fac Low Low Dat Pro Fac Gar Fac Gar Fac Gar Fac Gar Res Res Gar Acc Gar Acc Used RIF Installer 9 | . . . . . . . . 1 . 1 . 1 . . . . . . 1 . 1 . 1 . 1 . . 1 . 1 . Coupler Efficiency 1 | . . . . . . . . . . . . . . . . . . . . . . . . . . . . . . 1 . Patrol Navigation 1 | . . . . . . . . . . . . . . . . . . . . . . . . . . . . 1 . . . Watcher Feeds 1 | . . . . . . . . . . . . . . . . . . . 1 . . . . . . . . . . . . Alert ID Control 1 | . . . . . . . . . . . . 1 . . . . . . . . . . . . . . . . . . . Structural Interface 1 | . . . . . . . . . . 1 . . . . . . . . . . . . . . . . . . . . . Autooverride 1 | . . . . . . . . . . . . . . . . . . . . . . . . . 1 . . . . . . Autoassimilate 2 | . . . . . . . . . . . . . . . . . . . . . 1 . 1 . . . . . . . . Robots Hacked 152 | . . . . . . . . . 9 6 1 . 3 3 . . 4 . 5 1 12 4 21 . 10 13 4 13 2 21 20 Non-combat 20 | . . . . . . . . . 9 . 1 . 3 . . . . . . 1 1 3 . . . . . . . . 2 Combat 132 | . . . . . . . . . . 6 . . . 3 . . 4 . 5 . 11 1 21 . 10 13 4 13 2 21 18 Autooverrided 8 | . . . . . . . . . . . . . . . . . . . . . . . . . . 1 . 1 . 4 2 Autoassimilated 34 | . . . . . . . . . . . . . . . . . . . . . . . 2 . 5 5 2 5 2 9 4 Robot Hacks Applied 130 | . . . . . . . . . 9 7 1 . 5 5 . . 4 . 6 1 13 5 20 . 6 9 2 11 . 9 17 parse_system 5 | . . . . . . . . . . . . . . 2 . . . . . . 1 . . . . . . . . 2 . find_chute 1 | . . . . . . . . . 1 . . . . . . . . . . . . . . . . . . . . . . map_walls 7 | . . . . . . . . . 2 . 1 . 1 . . . . . . 1 . 1 . . . . . . . . 1 drop_inventory 6 | . . . . . . . . . 4 . . . 1 . . . . . . . . 1 . . . . . . . . . purge_threat 6 | . . . . . . . . . . . . . 2 . . . . . . . . . . . . . . . . . 4 locate_traps 1 | . . . . . . . . . . . . . 1 . . . . . . . . . . . . . . . . . . mark_security 2 | . . . . . . . . . 1 . . . . . . . . . . . . 1 . . . . . . . . . relay_feed 1 | . . . . . . . . . 1 . . . . . . . . . . . . . . . . . . . . . . find_garrison 4 | . . . . . . . . . . . . . . . . . . . . . . 1 . . . 2 1 . . . . focus_fire 1 | . . . . . . . . . . . . . . . . . . . . . . . . . . . . 1 . . . reboot_propulsion 1 | . . . . . . . . . . 1 . . . . . . . . . . . . . . . . . . . . . scatter_targeting 4 | . . . . . . . . . . . . . . . . . . . 1 . 1 . . . . . . 2 . . . link_complan 2 | . . . . . . . . . . . . . . . . . . . . . . . . . . . . 2 . . . broadcast_data 1 | . . . . . . . . . . . . . . . . . . . . . . . . . . 1 . . . . . spike_heat 3 | . . . . . . . . . . . . . . . . . . . . . . . 1 . 1 . . 1 . . . overload_power 1 | . . . . . . . . . . . . . . . . . . . . . . . . . . . . 1 . . . amplify_resonance 14 | . . . . . . . . . . . . . . 1 . . 2 . . . 2 . 3 . 1 1 . 1 . 2 1 wipe_record 3 | . . . . . . . . . . . . . . . . . . . . . . . 2 . . . . 1 . . . disable_weapons 4 | . . . . . . . . . . 1 . . . . . . . . 1 . . . 1 . . 1 . . . . . reboot_system 4 | . . . . . . . . . . 2 . . . . . . 1 . . . . . . . . . 1 . . . . go_dormant 1 | . . . . . . . . . . . . . . . . . . . . . 1 . . . . . . . . . . overwrite_iff 40 | . . . . . . . . . . 2 . . . 2 . . 1 . 1 . 7 . 7 . 2 3 . 2 . 4 9 streamctrl_high 6 | . . . . . . . . . . 1 . . . . . . . . 1 . . . 3 . . . . . . 1 . formatsys_high 12 | . . . . . . . . . . . . . . . . . . . 2 . 1 1 3 . 2 1 . . . . 2 Relay Couplers Released 142 | . . . . . . . . 17 . 16 . 12 . . . . . . 15 . 19 . 17 . 12 . . 16 . 18 . Machine Destruction 142 | . . . . . . . . 17 . 16 . 12 . . . . . . 15 . 19 . 17 . 12 . . 16 . 18 . Attached 49 | . . . . . . . . 1 1 2 . 2 1 . . . 1 . 2 2 7 . 7 . 5 2 1 5 1 5 4 Robots Rewired 24 | . . . . . . . . . . . . . . . . . . 1 . . . . 9 . . . . 14 . . . Allies Hacked 7 | . . . . . . . . . . . . . . . . . . . . . . . . 2 . 2 1 . . . 2 Hacks Repelled . | . . . . . . . . . . . . . . . . . . . . . . . . . . . . . . . . Allies | -11 -10 -10 -9 -9 -9 -8 -8 -8 -7 -7 -7 -7 -6 -6 -6 -6 -5 -5 -5 -5 -5 -4 -4 -4 -4 -3 -2 -2 -1 -1 -1 -------- Run | Scr Mat Min Mat Min Exi Min Mat Gar Fac Gar Fac Gar Fac Low Low Dat Pro Fac Gar Fac Gar Fac Gar Fac Gar Res Res Gar Acc Gar Acc Total Allies 127 | . . 2 . . . . . . . 3 . . . 2 . . 2 1 4 . 8 1 24 . 9 10 2 22 2 18 17 Largest Group 21 | . . 2 1 . . . . . . 1 . . . 1 . . 1 1 2 . 2 1 10 10 5 5 3 19 20 21 8 Highest-Rated Group 1065 | . . 38 31 . . . . . . 32 . . . 29 . . 94 29 98 . 76 49 289 289 220 259 184 897 1011 1065 440 Highest-Rated Ally 222 | . . 31 31 . . . . . . 32 . . . 29 . . 94 29 49 . 49 49 56 56 58 64 64 64 64 222 222 Total Orders 72 | . . . . . . . . . . . . . . . . . . . 2 . 4 . 6 2 9 5 . 8 1 35 . STAY 36 | . . . . . . . . . . . . . . . . . . . 1 . 2 . 3 1 6 3 . 5 1 14 . FOLLOW 36 | . . . . . . . . . . . . . . . . . . . 1 . 2 . 3 1 3 2 . 3 . 21 . Ally Attacks 566 | . . 2 7 . . . . . . 10 . . . 9 . . 10 1 32 . 43 6 48 60 57 32 10 28 . 135 76 Total Damage 17675 | . . . 82 . . . . . . 371 . . . 76 . . 407 . 1119 . 1085 245 1296 1090 1634 939 419 916 . 5515 2481 Kills 94 | . . . 2 . . . . . . 4 . . . . . . 5 . 6 . 6 1 9 11 8 3 2 2 . 24 11 Allies Corrupted 4 | . . . . . . . . . . . . . . . . . . . . . . . . . . 2 1 1 . . . Allies Melted 1 | . . . . . . . . . . . . . . . . . . . . . . . . . . . . . . . 1 Intel | -11 -10 -10 -9 -9 -9 -8 -8 -8 -7 -7 -7 -7 -6 -6 -6 -6 -5 -5 -5 -5 -5 -4 -4 -4 -4 -3 -2 -2 -1 -1 -1 ------- Run | Scr Mat Min Mat Min Exi Min Mat Gar Fac Gar Fac Gar Fac Low Low Dat Pro Fac Gar Fac Gar Fac Gar Fac Gar Res Res Gar Acc Gar Acc Robot Analysis Total . | . . . . . . . . . . . . . . . . . . . . . . . . . . . . . . . . Derelict Logs Recovered 7 | . . 2 . 1 . . . . . . . . . 1 2 . 1 . . . . . . . . . . . . . . Drone Launches . | . . . . . . . . . . . . . . . . . . . . . . . . . . . . . . . . Drone Recoveries . | . . . . . . . . . . . . . . . . . . . . . . . . . . . . . . . . Decoded 0b10 Intel 12 | . . . . . . . . . . . . . . . . . . 6 6 . . . . . . . . . . . . Traps 12 | . . . . . . . . . . . . . . . . . . 6 6 . . . . . . . . . . . . Exploration | -11 -10 -10 -9 -9 -9 -8 -8 -8 -7 -7 -7 -7 -6 -6 -6 -6 -5 -5 -5 -5 -5 -4 -4 -4 -4 -3 -2 -2 -1 -1 -1 ------------- Run | Scr Mat Min Mat Min Exi Min Mat Gar Fac Gar Fac Gar Fac Low Low Dat Pro Fac Gar Fac Gar Fac Gar Fac Gar Res Res Gar Acc Gar Acc Turns Passed 31834 | 43 627 610 272 269 289 170 1065 1036 967 1800 439 1113 719 389 360 115 802 392 1881 477 1759 501 2511 561 1935 1045 516 2923 169 3190 2889 Spaces Moved 18348 | 37 489 495 228 234 287 114 599 555 825 1146 229 621 431 327 308 88 324 261 949 236 791 373 1303 349 1171 631 287 1338 99 1969 1254 Core 25 | 13 . . . . . . . . . . . . . . . . . . . . . . . . . . . 12 . . . Treads 854 | . . . . . . . . . . . . 141 102 . . . . . . . 34 . . . . . . 559 . . 18 Legs 3665 | . . . . . . . . 203 . . . . . . . . 43 . . . 577 . 792 . 501 . . 97 . 1173 279 Wheels 13804 | 24 489 495 228 234 287 114 599 352 825 1146 229 480 329 327 308 88 281 261 949 236 180 373 511 349 670 631 287 670 99 796 957 Hover . | . . . . . . . . . . . . . . . . . . . . . . . . . . . . . . . . Flight . | . . . . . . . . . . . . . . . . . . . . . . . . . . . . . . . . Fastest Speed 50 | 50 90 90 90 90 90 100 90 90 100 100 100 106 106 106 106 106 106 116 110 120 120 110 110 110 110 110 135 110 110 100 100 Average Speed 126 | 75 98 97 90 96 98 102 96 129 104 106 104 140 131 106 106 106 194 123 123 127 171 111 139 110 130 117 135 173 110 129 124 Slowest Speed 2350 | 90 110 100 90 110 100 120 120 150 130 120 120 240 200 106 106 106 300 180 140 150 260 120 300 120 330 180 145 2350 110 210 230 Overloaded Moves . | . . . . . . . . . . . . . . . . . . . . . . . . . . . . . . . . Propulsion Burnouts . | . . . . . . . . . . . . . . . . . . . . . . . . . . . . . . . . Robots Hopped . | . . . . . . . . . . . . . . . . . . . . . . . . . . . . . . . . Cave-ins Triggered . | . . . . . . . . . . . . . . . . . . . . . . . . . . . . . . . . Exploration Rate (%) 52 | 3 78 96 24 61 64 36 63 77 30 98 6 81 14 60 68 75 58 6 97 8 96 12 99 9 97 12 12 95 4 99 36 Regions Visited 31 Branch Regions 8 Pre-discovered Areas 5 | . . 2 . . 1 . . . . . . . . . 2 . . . . . . . . . . . . . . . . Known Exits Taken 11 | . . . . . . . 1 . 1 . 1 . 1 . . . 1 1 . 1 . 1 . 1 . . 1 . 1 . . Unknown Exits Taken 11 | 1 1 1 1 1 1 1 . . . . . . . 1 1 1 . . . . . . . . . 1 . . . . . Scrap Searched 10 | . . 2 . 1 . 1 . . . . . . . 3 2 . 1 . . . . . . . . . . . . . . Spaces Dug 51 | . . . . . . . . . 14 2 . . . . . 7 18 . . . . 1 . 5 . . 1 1 . 2 . Terrain Destroyed 910 | . 50 5 31 10 . . 60 70 21 84 26 26 18 . . 7 105 . 17 2 4 23 23 5 6 36 46 18 . 15 202 Melee 9 | . . . . . . . . . . . . . . . . 7 . . . . . . . 1 . . 1 . . . . Projectile 84 | . . . . . . . . . . 16 . . 1 . . . . . 1 . 1 2 14 4 6 1 . 4 . 15 19 AOE 817 | . 50 5 31 10 . . 60 70 21 68 26 26 17 . . . 105 . 16 2 3 21 9 . . 35 45 14 . . 183 Terrain Rammed . | . . . . . . . . . . . . . . . . . . . . . . . . . . . . . . . . Walls Destroyed . | . . . . . . . . . . . . . . . . . . . . . . . . . . . . . . . . Machines Disabled . | . . . . . . . . . . . . . . . . . . . . . . . . . . . . . . . . Actions | -11 -10 -10 -9 -9 -9 -8 -8 -8 -7 -7 -7 -7 -6 -6 -6 -6 -5 -5 -5 -5 -5 -4 -4 -4 -4 -3 -2 -2 -1 -1 -1 --------- Run | Scr Mat Min Mat Min Exi Min Mat Gar Fac Gar Fac Gar Fac Low Low Dat Pro Fac Gar Fac Gar Fac Gar Fac Gar Res Res Gar Acc Gar Acc Total 24407 | 48 575 578 276 251 292 135 881 739 905 1541 349 775 548 354 329 96 457 311 1542 373 1048 444 1749 517 1470 822 371 1782 160 2611 2078 Wait 2674 | . 13 39 9 . . 4 94 37 11 196 24 74 53 4 2 . 63 14 464 87 102 37 108 138 144 58 23 119 57 355 345 Move 18324 | 36 488 494 227 233 286 113 599 554 825 1145 229 620 430 326 307 87 323 261 948 236 790 373 1302 348 1170 630 287 1337 98 1968 1254 Hop . | . . . . . . . . . . . . . . . . . . . . . . . . . . . . . . . . Pick Up 410 | 5 15 7 6 . 4 1 19 15 10 18 6 6 4 1 1 . 9 3 20 8 12 3 39 4 14 17 8 38 1 49 67 Fast Attach 181 | 2 3 2 4 1 . . 15 3 8 7 6 8 12 2 2 . 2 7 8 4 6 4 4 4 11 5 5 24 . 10 12 Attach 264 | 4 6 3 4 . . 1 12 10 3 11 3 2 2 1 . . 9 3 6 2 8 2 33 . 5 18 4 12 1 29 70 Detach 23 | . 1 . 2 . . . 1 . 1 1 1 . . . . . 2 1 . . . . 2 . 1 1 1 1 . . 7 Swap 207 | . 6 4 3 3 1 . 7 11 6 5 5 4 5 2 . 2 11 1 4 6 12 6 22 6 15 3 6 26 1 7 17 Drop 364 | . 5 7 8 1 1 . 22 13 16 9 10 11 14 2 3 . 6 9 17 8 16 6 26 10 22 9 10 45 2 36 20 Fire 1766 | 1 38 22 13 13 . 16 111 83 25 99 41 50 28 16 14 . 32 11 75 22 97 13 165 6 78 78 26 171 . 144 278 Melee 28 | . . . . . . . . . . 10 . . . . . 7 . . . . . . . 1 . . 1 . . 3 6 Ram 2 | . . . . . . . 1 . . . . . . . . . . . . . . . . . . . . . . . 1 Kick . | . . . . . . . . . . . . . . . . . . . . . . . . . . . . . . . . Crush . | . . . . . . . . . . . . . . . . . . . . . . . . . . . . . . . . Escape Stasis 148 | . . . . . . . . 13 . 40 24 . . . . . . . . . 5 . 40 . 8 . . 8 . 10 . Rewire 16 | . . . . . . . . . . . . . . . . . . 1 . . . . 8 . 2 3 . 1 . . 1 Trap . | . . . . . . . . . . . . . . . . . . . . . . . . . . . . . . . . Miscellaneous . | . . . . . . . . . . . . . . . . . . . . . . . . . . . . . . . . Route ------- -11/Scrapyard -10/Materials (discovered 3 exits: *Mat / [*Min x2]) -10/Mines (discovered 2 exits: *Mat x2) -9/Materials (discovered 2 exits: *Min x2) -9/Mines (discovered 3 exits: *Mat / *Exi / [*Zio]) -9/Exiles -8/Mines -8/Materials (discovered 2 exits: *Fac / Gar) -8/Garrison (discovered 3 exits: *Fac x3) -7/Factory (discovered 2 exits: *Fac / Gar) -7/Garrison (discovered 3 exits: *Fac x3) -7/Factory (discovered 2 exits: [*Low] / Gar) -7/Garrison (discovered 2 exits: *Fac x2) -6/Factory (discovered 2 exits: *Low x2) -6/Lower Caves -6/Lower Caves -6/Data Miner -5/Proximity Caves -5/Factory -5/Garrison (discovered 3 exits: *Fac x3) -5/Factory -5/Garrison (discovered 3 exits: *Fac x3) -4/Factory (discovered 2 exits: [*Ext] / Gar) -4/Garrison (discovered 3 exits: *Fac x3) -4/Factory -4/Garrison (discovered 3 exits: *Res x3) -3/Research (discovered 2 exits: *Res / Arm) -2/Research -2/Garrison (discovered 3 exits: *Acc x3) -1/Access -1/Garrison (discovered 3 exits: [*Acc x3]) -1/Access (discovered 1 exit: [Com]) History --------- Turn | Location | Event 25 | -11/Scrapyard | Discovered new exit (range 16) 44 | -11/Scrapyard | Entered Materials 224 | -10/Materials | Discovered new exit (range 6) 225 | -10/Materials | Lost 3 parts (1n2w) 317 | -10/Materials | Build established: Mutant 331 | -10/Materials | Discovered new exit (range 16) 622 | -10/Materials | Discovered new exit (range 16) 671 | -10/Materials | Entered Mines 672 | -10/Mines | Learned location of Storage (-9) 674 | -10/Mines | Discovered new exit (range 6) 721 | -10/Mines | Learned 2 Materials zone layouts 953 | -10/Mines | Discovered new exit (range 14) 992 | -10/Mines | Found a damaged Exp. Sensor Array with a note attached 996 | -10/Mines | Found Prototype Device 1206 | -10/Mines | Received a Rocket Launcher from a helpful Derelict 1281 | -10/Mines | Entered Materials 1281 | -9/Materials | Accompanied by 1 ally 1281 | -9/Materials | Evolved 2 slots: Utility x2 1291 | -9/Materials | Identified Exp. Sensor Array 1294 | -9/Materials | Led the pair of lost Derelicts to an unsafe place 1378 | -9/Materials | Discovered new exit (range 12) 1511 | -9/Materials | Destroyed 7 combat bots 1542 | -9/Materials | Discovered new exit (range 6) 1553 | -9/Materials | Entered Mines 1575 | -9/Mines | Discovered new exit (range 13) 1575 | -9/Mines | Central database locked down 1596 | -9/Mines | Learned Materials garrison access intel 1802 | -9/Mines | A Derelict revealed a hidden shortcut to a safe place 1818 | -9/Mines | Deemed a non-threat by the Exiles lab entrance 1818 | -9/Mines | Discovered new exit (range 5) 1822 | -9/Mines | Entered Exiles 1845 | -9/Exiles | Met 8R-AWN 1902 | -9/Exiles | Met EX-HEX 1930 | -9/Exiles | Met EX-BIN 1971 | -9/Exiles | Met EX-DEC 1975 | -9/Exiles | Learned location of Zion (-7) 2098 | -9/Exiles | Discovered new exit (range 14) 2111 | -9/Exiles | Entered Mines 2275 | -8/Mines | Discovered new exit (range 6) 2281 | -8/Mines | Entered Materials 2281 | -8/Materials | Evolved 2 slots: Propulsion x1, Weapon x1 2282 | -8/Materials | Loaded intel: 1 garrison access location 2888 | -8/Materials | Lost 4 parts (2n2w) 2962 | -8/Materials | Core integrity fell below 50% 2987 | -8/Materials | Discovered new exit (range 16) 3346 | -8/Materials | Identified exit to Garrison 3346 | -8/Materials | Entered Garrison 3360 | -8/Garrison | Triggered checkpoint 3438 | -8/Garrison | Triggered checkpoint 3467 | -8/Garrison | Garrison Relay disabled 3512 | -8/Garrison | Triggered checkpoint 3527 | -8/Garrison | Core integrity fell below 20% 3559 | -8/Garrison | Destroyed 8 combat bots 3567 | -8/Garrison | Lost 5 parts (3n2u) 3618 | -8/Garrison | Triggered checkpoint 3679 | -8/Garrison | Garrison Relay disabled 3772 | -8/Garrison | Discovered new exit (range 12) 3845 | -8/Garrison | Triggered checkpoint 4038 | -8/Garrison | Garrison Relay disabled 4071 | -8/Garrison | Discovered new exit (range 15) 4143 | -8/Garrison | Build established: Scavenger-Mutant 4203 | -8/Garrison | Discovered new exit (range 10) 4221 | -8/Garrison | Installed Relay Interface Framework 4272 | -8/Garrison | Triggered checkpoint 4342 | -8/Garrison | Garrison Relay disabled 4382 | -8/Garrison | Entered Factory 4382 | -7/Factory | Evolved 2 slots: Utility x2 4659 | -7/Factory | Build established: Bothacker-Mutant 4776 | -7/Factory | Discovered new exit (range 7) 4782 | -7/Factory | First assault squad dispatched 5349 | -7/Factory | Identified exit to Garrison 5349 | -7/Factory | Entered Garrison 5431 | -7/Garrison | Lost 5 parts (1p1n1u2w) 5584 | -7/Garrison | Triggered checkpoint 5750 | -7/Garrison | Triggered checkpoint 5889 | -7/Garrison | Garrison Relay disabled 6030 | -7/Garrison | Triggered checkpoint 6085 | -7/Garrison | Discovered new exit (range 8) 6121 | -7/Garrison | Triggered checkpoint 6167 | -7/Garrison | Garrison Relay disabled 6214 | -7/Garrison | Triggered checkpoint 6259 | -7/Garrison | Discovered new exit (range 10) 6275 | -7/Garrison | Expanded RIF knowledge: Structural Interface 6324 | -7/Garrison | Triggered checkpoint 6373 | -7/Garrison | Garrison Relay disabled 6575 | -7/Garrison | Discovered new exit (range 4) 6618 | -7/Garrison | Triggered checkpoint 6689 | -7/Garrison | Garrison Relay disabled 7149 | -7/Garrison | Entered Factory 7334 | -7/Factory | Discovered new exit (range 4) 7469 | -7/Factory | Core integrity fell below 50% 7509 | -7/Factory | Garrison activated, responded to threat 7549 | -7/Factory | First assault squad dispatched 7588 | -7/Factory | Identified exit to Garrison 7588 | -7/Factory | Entered Garrison 7708 | -7/Garrison | Garrison Relay disabled 7765 | -7/Garrison | Triggered checkpoint 7767 | -7/Garrison | Triggered checkpoint 7809 | -7/Garrison | Destroyed 9 combat bots 7854 | -7/Garrison | Triggered checkpoint 7875 | -7/Garrison | Core integrity fell below 20% 7925 | -7/Garrison | Garrison Relay disabled 8002 | -7/Garrison | Discovered new exit (range 11) 8040 | -7/Garrison | Expanded RIF knowledge: Alert ID Control 8310 | -7/Garrison | Build established: Bothacker-Skirmisher 8378 | -7/Garrison | Triggered checkpoint 8558 | -7/Garrison | Triggered checkpoint 8588 | -7/Garrison | Garrison Relay disabled 8645 | -7/Garrison | Discovered new exit (range 21) 8701 | -7/Garrison | Entered Factory 8701 | -6/Factory | Evolved 2 slots: Utility x2 8728 | -6/Factory | Identified exit to Lower Caves 9026 | -6/Factory | Build established: Bothacker-Mutant 9370 | -6/Factory | Fabricated Lrg. Storage Unit (x1) 9420 | -6/Factory | Entered Lower Caves 9605 | -6/Lower Caves | Learned location of 1 exit from Proximity Caves 9710 | -6/Lower Caves | Build established: Bothacker-Skirmisher 9749 | -6/Lower Caves | Spotted B-75 Beast 9797 | -6/Lower Caves | Discovered new exit (range 11) 9809 | -6/Lower Caves | Entered another Lower Caves area 9933 | -6/Lower Caves | Attracted the attention of an 0b10 checkpoint 10021 | -6/Lower Caves | Build established: Bothacker-Mutant 10137 | -6/Lower Caves | Discovered new exit (range 16) 10169 | -6/Lower Caves | Entered Data Miner 10169 | -6/Data Miner | Discovered new exit (range 6) 10183 | -6/Data Miner | Met Data Miner 10224 | -6/Data Miner | Received God Mode back door access code from Data Miner 10284 | -6/Data Miner | Entered Proximity Caves 10285 | -5/Proximity Caves | Identified exit to Factory 10328 | -5/Proximity Caves | Lost 4 parts (1p3n) 10398 | -5/Proximity Caves | Spotted B-75 Beast 10527 | -5/Proximity Caves | Escorted by Enhanced Grunt 10612 | -5/Proximity Caves | Attracted the attention of an 0b10 base 10642 | -5/Proximity Caves | Destroyed 8 combat bots 11086 | -5/Proximity Caves | Entered Factory 11086 | -5/Factory | Evolved 2 slots: Power x1, Utility x1 11473 | -5/Factory | Identified exit to Garrison 11478 | -5/Factory | Entered Garrison 11478 | -5/Garrison | Accompanied by 1 ally 11521 | -5/Garrison | Triggered checkpoint 11618 | -5/Garrison | Garrison Relay disabled 12001 | -5/Garrison | Triggered checkpoint 12243 | -5/Garrison | Triggered checkpoint 12364 | -5/Garrison | Discovered new exit (range 2) 12393 | -5/Garrison | Triggered checkpoint 12406 | -5/Garrison | Garrison Relay disabled 12540 | -5/Garrison | Triggered checkpoint 12585 | -5/Garrison | Garrison Relay disabled 12600 | -5/Garrison | Discovered new exit (range 8) 12816 | -5/Garrison | Discovered new exit (range 11) 12920 | -5/Garrison | Triggered checkpoint 12934 | -5/Garrison | Garrison Relay disabled 13353 | -5/Garrison | Expanded RIF knowledge: Patrol Navigation 13359 | -5/Garrison | Entered Factory 13654 | -5/Factory | Build established: Botlord-Mutant 13836 | -5/Factory | Identified exit to Garrison 13836 | -5/Factory | Entered Garrison 13870 | -5/Garrison | Triggered checkpoint 13918 | -5/Garrison | Garrison Relay disabled 13992 | -5/Garrison | Triggered checkpoint 14242 | -5/Garrison | Triggered checkpoint 14288 | -5/Garrison | Garrison Relay disabled 14341 | -5/Garrison | Discovered new exit (range 12) 14370 | -5/Garrison | Expanded RIF knowledge: Autoassimilate 14372 | -5/Garrison | Triggered checkpoint 14750 | -5/Garrison | Triggered checkpoint 14808 | -5/Garrison | Garrison Relay disabled 14839 | -5/Garrison | Discovered new exit (range 19) 15012 | -5/Garrison | Triggered checkpoint 15090 | -5/Garrison | Garrison Relay disabled 15119 | -5/Garrison | Discovered new exit (range 9) 15595 | -5/Garrison | Entered Factory 15595 | -4/Factory | Evolved 2 slots: Propulsion x1, Utility x1 15895 | -4/Factory | Discovered new exit (range 6) 16039 | -4/Factory | Garrison activated, responded to threat 16096 | -4/Factory | Identified exit to Garrison 16096 | -4/Factory | Entered Garrison 16120 | -4/Garrison | Triggered checkpoint 16315 | -4/Garrison | Lost 3 parts (1n2u) 16322 | -4/Garrison | Triggered checkpoint 16379 | -4/Garrison | Triggered checkpoint 16422 | -4/Garrison | Triggered checkpoint 16441 | -4/Garrison | Lost 7 parts (3n4w) 16494 | -4/Garrison | Lost 3 parts (1p2w) 16571 | -4/Garrison | Garrison Relay disabled 16850 | -4/Garrison | Triggered checkpoint 16855 | -4/Garrison | Garrison Relay disabled 17056 | -4/Garrison | Discovered new exit (range 22) 17108 | -4/Garrison | Triggered checkpoint 17142 | -4/Garrison | Expanded RIF knowledge: Autoassimilate 17244 | -4/Garrison | Discovered new exit (range 11) 17467 | -4/Garrison | Garrison Relay disabled 17730 | -4/Garrison | Discovered new exit (range 3) 17804 | -4/Garrison | Triggered checkpoint 18253 | -4/Garrison | Garrison Relay disabled 18340 | -4/Garrison | Triggered checkpoint 18356 | -4/Garrison | Triggered checkpoint 18440 | -4/Garrison | Triggered checkpoint 18607 | -4/Garrison | Entered Factory 18607 | -4/Factory | Accompanied by 10 allies 19140 | -4/Factory | Identified exit to Garrison 19150 | -4/Factory | P-80 Master assimilated allied Virus 7e 19168 | -4/Factory | Entered Garrison 19168 | -4/Garrison | Accompanied by 4 allies 19209 | -4/Garrison | Spotted B-86 Titan 19210 | -4/Garrison | Triggered checkpoint 19232 | -4/Garrison | Triggered checkpoint 19314 | -4/Garrison | Garrison Relay disabled 19438 | -4/Garrison | Autoassimilated Titan 7a with RIF 19973 | -4/Garrison | Discovered new exit (range 10) 20032 | -4/Garrison | Triggered checkpoint 20054 | -4/Garrison | Garrison Relay disabled 20226 | -4/Garrison | Triggered checkpoint 20261 | -4/Garrison | Triggered checkpoint 20312 | -4/Garrison | Triggered checkpoint 20363 | -4/Garrison | Discovered new exit (range 12) 20441 | -4/Garrison | Garrison Relay disabled 20754 | -4/Garrison | Discovered new exit (range 10) 20772 | -4/Garrison | Expanded RIF knowledge: Autooverride 20812 | -4/Garrison | Garrison Relay disabled 21103 | -4/Garrison | Entered Research 21103 | -3/Research | Accompanied by 2 allies 21103 | -3/Research | Evolved 2 slots: Utility x1, Weapon x1 21104 | -3/Research | Identified exit to Armory 21355 | -3/Research | Found Fusion Bomb Launcher 21405 | -3/Research | P-80 Master assimilated allied Sentinel 7f 21742 | -3/Research | Lost 4 parts (1p2n1w) 21995 | -3/Research | Lost 4 parts (1n1u2w) 22076 | -3/Research | Lost 3 parts (2n1w) 22127 | -3/Research | Discovered new exit (range 10) 22148 | -3/Research | Entered another Research area 22148 | -2/Research | Accompanied by 2 allies 22148 | -2/Research | Evolved 2 slots: Utility x2 22187 | -2/Research | Found Prototype Slashing Weapon 22187 | -2/Research | Identified Centrium Greatsword 22264 | -2/Research | Incoming investigation squad redirected 22664 | -2/Research | Identified exit to Garrison 22664 | -2/Research | Entered Garrison 22782 | -2/Garrison | Garrison Relay disabled 22840 | -2/Garrison | Spotted B-90 Cyclops 22980 | -2/Garrison | Lost 11 parts (2p1n4u4w) 23439 | -2/Garrison | Triggered checkpoint 23466 | -2/Garrison | Triggered checkpoint 23478 | -2/Garrison | Destroyed B-90 Cyclops 23510 | -2/Garrison | Destroyed 7 combat bots 23535 | -2/Garrison | Found Quantum Capacitor 23646 | -2/Garrison | Triggered checkpoint 23657 | -2/Garrison | Triggered checkpoint 23686 | -2/Garrison | Garrison Relay disabled 23877 | -2/Garrison | Discovered new exit (range 3) 24038 | -2/Garrison | Discovered new exit (range 5) 24057 | -2/Garrison | Expanded RIF knowledge: Watcher Feeds 24096 | -2/Garrison | Triggered checkpoint 24120 | -2/Garrison | Garrison Relay disabled 24331 | -2/Garrison | Discovered new exit (range 20) 24338 | -2/Garrison | Triggered checkpoint 24406 | -2/Garrison | Triggered checkpoint 24407 | -2/Garrison | Garrison Relay disabled 25587 | -2/Garrison | Entered Access 25587 | -1/Access | Accompanied by 19 allies 25587 | -1/Access | Evolved 2 slots: Utility x2 25683 | -1/Access | Identified exit to Garrison 25756 | -1/Access | Entered Garrison 25756 | -1/Garrison | Accompanied by 20 allies 25897 | -1/Garrison | Spotted B-99 Colossus 26065 | -1/Garrison | Triggered checkpoint 26173 | -1/Garrison | Hijacked Colossus 10a control node with streamctrl_high 26202 | -1/Garrison | Triggered checkpoint 26245 | -1/Garrison | Lost 8 parts (2p2n1u3w) 26254 | -1/Garrison | Triggered checkpoint 26336 | -1/Garrison | Triggered checkpoint 26449 | -1/Garrison | Discovered new exit (range 20) 26510 | -1/Garrison | Spotted B-99 Colossus 26557 | -1/Garrison | Lost 7 parts (2p2n2u1w) 26830 | -1/Garrison | Allies destroyed B-99 Colossus 27089 | -1/Garrison | Found Adv. Powered Armor 27094 | -1/Garrison | Found Adv. Powered Armor 27097 | -1/Garrison | Found Adv. Powered Armor 27170 | -1/Garrison | Found Antimissile System 27454 | -1/Garrison | Triggered checkpoint 27461 | -1/Garrison | Garrison Relay disabled 27570 | -1/Garrison | Discovered new exit (range 22) 27607 | -1/Garrison | Expanded RIF knowledge: Coupler Efficiency 27672 | -1/Garrison | Garrison Relay disabled 27884 | -1/Garrison | Triggered checkpoint 27902 | -1/Garrison | Garrison Relay disabled 28000 | -1/Garrison | Discovered new exit (range 20) 28006 | -1/Garrison | Triggered checkpoint 28171 | -1/Garrison | Garrison Relay disabled 28514 | -1/Garrison | Lost 3 parts (3p) 28946 | -1/Garrison | Entered Access 28946 | -1/Access | Accompanied by 8 allies 29129 | -1/Access | Garrison activated, responded to threat 29256 | -1/Access | Lost 6 parts (2n1u3w) 29299 | -1/Access | Core integrity fell below 50% 29302 | -1/Access | Lost 3 parts (1u2w) 29381 | -1/Access | Destroyed 7 combat bots 29388 | -1/Access | Lost 7 parts (1p2n3u1w) 29446 | -1/Access | First assault squad dispatched 29465 | -1/Access | Incoming assault squad redirected 29680 | -1/Access | Lost 8 parts (3p1n2u2w) 29760 | -1/Access | Incoming assault squad redirected 29868 | -1/Access | Lost 3 parts (1p2w) 30223 | -1/Access | System corruption reached 10% 30265 | -1/Access | Lost 5 parts (2n1u2w) 30424 | -1/Access | Lost 5 parts (2p3w) 30521 | -1/Access | Core integrity fell below 20% 30601 | -1/Access | Discovered new exit (range 17) 30667 | -1/Access | Found Exp. Targeting Computer 30682 | -1/Access | Build established: Botlord-Skirmisher 30911 | -1/Access | Lost 6 parts (2p1n2u1w) 31004 | -1/Access | Incoming assault squad redirected 31083 | -1/Access | System corruption reached 30% 31119 | -1/Access | Lost 5 parts (1p1n2u1w) 31211 | -1/Access | Lost 4 parts (1n3u) 31268 | -1/Access | Spotted B-99 Colossus 31271 | -1/Access | Assimilated Colossus 10b with formatsys_high 31470 | -1/Access | Incoming assault squad redirected 31609 | -1/Access | Garrison activated, responded to threat 31631 | -1/Access | Found Prototype Device 31631 | -1/Access | Identified Exp. Shock Absorption System 31759 | -1/Access | Incoming assault squad redirected 31835 | -1/Access | Destroyed by G-73 Enforcer with Heavy Laser Last Messages --------------- 31770_ >> Watcher Feeds: Established visual feed link with W-44 Eye. 31770_ Dropped Adv. Remote Datajack. 31771_ System corrupted: Substantial component data lost. 31771_ >> Watcher Feeds: Feed link from W-44 Eye lost. 31772_ Acquired 60 matter. 31773_ >> Watcher Feeds: Established visual feed link with W-44 Eye. 31783_ >> Watcher Feeds: Feed link from W-44 Eye lost. 31783_ >> Watcher Feeds: Established visual feed link with W-44 Eye. 31784_ >> Watcher Feeds: Feed link from W-44 Eye lost. 31785_ RIF reveals location of hidden door. 31786_ VS3/>XJ AM&>NP2LLPAXS 31788_ System corrupted: KE Penetrator targeting data glitched. 31788_ Slug penetrates Wall. 31788_ P-80 Master suffers critical hit. 31788_ P-80 Master destroyed. 31793_ >> Watcher Feeds: Established visual feed link with W-44 Eye. 31802_ >> Watcher Feeds: Feed link from W-44 Eye lost. 31806_ System corrupted: Energy discharge (-93). 31826_ System corrupted: Heat flow error (+219). 31827_ >> Watcher Feeds: Established visual feed link with W-44 Eye. Map ----- +----------------------------------------------------+ | ???????# """"" """"" """"" # ? | | ???????# ???""" """"" """"" # | | ???????# ?????? # | | ???????????????? ? ##+# | | ?????????????? ? ? ##### | | ???????????? ##########+######?###?#### | | ???????????? #### ? ? ? # + | | ?????????? ? #??? ? # # | | ?????????? ? + ?""""" # # % | | ????????? ? #### ""Y"" # ####### % | | ????????? ??? ?###?? ? # # # ! | | ???????? ??? ? #???? ? ? # # # | | ????????#??###+##########+###### # # # | | ????? ??? ## ### # + | | ????? ?# ? ?# ### # # | | ?????? #""" ? ##"" "" ### # ## # | | ????? ? #"R ? ?##"" "" #?# ? # ## # | | ???? ? #?"? ? ##"" """""" ### # ## # | | ???? ?????"" ##T """""" ### ? ######## # | | ????? # ?? ? ##"" "" #######+#########+# | | ??? ? ? ? ?#"" "" !+%=[ ####### | | ??? ?? # ?? ? ##"" !#w#####!####### | | ????? ?# ? ## #g#####[####### | | ????? ?? ? ## #t#####| != !+ | | ?? ??? # ? ? ?# #g#####*####### | | ????? ###/#############@###### #####[####### | | ????? ? ? g g ## ####### | | ??? ? ##+####### | | ??? ??????? # ## | | ???? ???? ? # ## | | ??? ? ? ? # ## ] | | ???? ??? ? # ## | | ????? ?? ?? k k ############## | | ?????#???##+#############+### | | ???????? ? ? ??## # | | ?????# ??? ? ## ?# | | ?????? ?? " ?? ?#" ? # | | ???????? ???? ?? ##"" ? ? # | | ??????? ?"??? ? ?#"" ?# | | ??????????? ??? ? ##?" ? # w k | | ???????????? ? ? #?"" ########/##+########## | | ????????????? ? ?#"? ? ? ?## ###?#### | | ??????????? ? ?????"? ? ## ####???# | | ???????????? ??????#?? ## """ #?#?#??# | | ??????????????? ?##???? ?# """ #???#??# | | ??????????????? ???#?" ?? ?## """ ##?#??## | | ??????????????????#?? ? ? ? ?# F" #?##?#?# | | ?????????????????????? ? ? ?# """ #?????? | | ?????????????????????????? ??# "" #?????? | | ?????????????????????????????# #?????? | +----------------------------------------------------+ Best States ------------- Heat Dissipation 106 Coolant Potential 100 Energy Generation 45 Energy Capacity 1115 Matter Stores 396 Matter Capacity 450 Sight Range 23 Terrain Scan Range 24 Terrain Scan Density 210 Jamming Range 16 Power Amplification 30 EM Shielding 5 Corruption Prevention 12 Armor Coverage 1200 Resistance: KI 30 Resistance: TH 30 Resistance: EX 75 Resistance: EM 25 Core Shielding 30 Propulsion Shielding 33 Weapon Shielding 33 Phase Shifting 15 Evasion (%) 55 Recoil Reduction 4 Energy Filtering 50 Offensive Hacking 10 Defensive Hacking 10 Relay Coupler Types 190 Relay Coupler Value 4 Item Schematics ----------------- Utility Shielding | -9/Mines | Hacked Lrg. Storage Unit | -7/Factory | Scanalyzed Combat Drone Bay | -6/Data Miner | Free Lgt. Regenerative Plating | -6/Data Miner | Free Cmb. Gravmag System | -6/Data Miner | Free Exp. Targeting Computer | -6/Data Miner | Free Exp. Transmission Jammer | -6/Data Miner | Free Exp. ECM Suite | -6/Data Miner | Free Cloaking Device | -6/Data Miner | Free Plasma Sword | -6/Data Miner | Free Robot Schematics ------------------ I-36 Angel | -6/Data Miner | Free H-66 Slayer | -6/Data Miner | Free Fabricated ------------ Lrg. Storage Unit | x1 | -6/Factory Alien Tech Used ----------------- None Achievements -------------- None Challenges ------------ None Game ------ Seed LatentWeightSuperbattery Manual? 0 Play Time 06:09:48 Cumulative 185.9 hours Start 2021.05.01 @ 11:42:08 End 2021.05.02 @ 08:47:46 Sessions 5 Manual Loads 0 Difficulty Rogue Special Mode None Game No. 72 Rogue 72 Adventurer 0 Explorer 0 Win Type - Total 2 Types 2/0/0/0/0/0/0/0/0 Lore% 62 Gallery% 74 Achievement% 55 Wizard Run 0 Options --------- ASCII 0 Keyboard 0 Movement Mouse Keybinds 0 Fullscreen 2 Font 12/Smallcaps Map View 83x54 Tactical HUD 1 Map Filters NONE Filters NONE Steam X RUN: 1232252a-4e8a-435c-ba42-7a32a11a5c51